| TOP OF THE 1ST |
|
Los Angeles Dodgers batting - Pitching for San Diego Padres : RHP Adam Thompson
|
|
Pitching: RHP Adam Thompson
|
|
|
Batting: RHB Tim Nettles
|
0-0: Called Strike 0-1: Ball 1-1: Ground out 5-3 (Groundball, 56S, EV 69.4 MPH)
|
|
Batting: SHB Shane Marcum
|
0-0: Ball 1-0: Ball 2-0: Swinging Strike 2-1: Ball 3-1: Foul Ball, location: 2F 3-2: Foul Ball, location: 2F 3-2: Base on Balls
|
|
Batting: RHB Clay Buchanan
|
0-0: Called Strike 0-1: SINGLE (Line Drive, 89S, EV 100.0 MPH) Shane Marcum to second
|
|
Batting: LHB Chris Buchan
|
0-0: Called Strike 0-1: Swinging Strike 0-2: Grounds into double play, 4-6-3 (Groundball, 4, EV 81.2 MPH)
|
| Top of the 1st over - 0 runs, 1 hit, 0 errors, 1 left on base; Los Angeles 0 - San Diego 0 |
| BOTTOM OF THE 1ST |
|
San Diego Padres batting - Pitching for Los Angeles Dodgers : RHP Jon Harris
|
|
Pitching: RHP Jon Harris
|
|
|
Batting: SHB Phil Zacharia
|
0-0: Foul Ball, location: 2F 0-1: Foul Ball, location: 2F 0-2: Ball 1-2: Ball 2-2: Ball 3-2: Foul Ball, location: 2F 3-2: Foul Ball, location: 2F 3-2: Ground out 1-3 (Groundball, 15S, EV 68.1 MPH)
|
|
Batting: LHB Kevin Bellman
|
0-0: Called Strike 0-1: Ball 1-1: Ball 2-1: Called Strike 2-2: Strikes out swinging
|
|
Batting: RHB Hugo Bautista
|
0-0: Ball 1-0: Called Strike 1-1: Called Strike 1-2: Strikes out looking
|
| Bottom of the 1st over - 0 runs, 0 hits, 0 errors, 0 left on base; Los Angeles 0 - San Diego 0 |
| TOP OF THE 2ND |
|
Los Angeles Dodgers batting - Pitching for San Diego Padres : RHP Adam Thompson
|
|
Batting: RHB John Piccolo
|
0-0: Foul Ball, location: 2F 0-1: Ball 1-1: Swinging Strike 1-2: Strikes out looking
|
|
Batting: SHB Joel Baker
|
0-0: Ball 1-0: SOLO HOME RUN (Flyball, 9D, EV 100.0 MPH), Distance : 406 ft
|
|
Batting: RHB Danny Dyer
|
0-0: Foul Ball, location: 2F 0-1: Called Strike 0-2: Ball 1-2: Strikes out looking
|
|
Batting: RHB Wing-kit Bu
|
0-0: Ball 1-0: Ball 2-0: Foul Ball, location: 2F 2-1: Ball 3-1: Called Strike 3-2: Foul Ball, location: 2F 3-2: Fly out, F9 (Line Drive, 9LM, EV 99.4 MPH)
|
| Top of the 2nd over - 1 run, 1 hit, 0 errors, 0 left on base; Los Angeles 1 - San Diego 0 |
| BOTTOM OF THE 2ND |
|
San Diego Padres batting - Pitching for Los Angeles Dodgers : RHP Jon Harris
|
|
Batting: LHB James McCauley
|
0-0: Ball 1-0: Ground out 4-3 (Groundball, 4, EV 78.1 MPH)
|
|
Batting: LHB Mike Holt
|
0-0: Ball 1-0: Foul Ball, location: 2F 1-1: Ball 2-1: Foul Ball, location: 2F 2-2: Foul Ball, location: 2F 2-2: Foul Ball, location: 2F 2-2: Ball 3-2: Base on Balls
|
|
Batting: SHB Terry Tuckfard
|
0-0: Called Strike 0-1: Foul Ball, location: 2F 0-2: Foul Ball, location: 2F 0-2: Ball 1-2: SINGLE (Line Drive, 78S, EV 102.5 MPH) Mike Holt to second
|
|
Batting: RHB Mike Salmon
|
0-0: Ball 1-0: Ball 2-0: Ball 3-0: Called Strike 3-1: Base on Balls Mike Holt to third Terry Tuckfard to second
|
|
Batting: RHB C.J. Beavers
|
0-0: Ball 1-0: Ball 2-0: Called Strike 2-1: Called Strike 2-2: Strikes out swinging
|
|
Batting: RHB Drtian Thaqi
|
0-0: Called Strike 0-1: Ball 1-1: Ball 2-1: Foul Ball, location: 2F 2-2: DOUBLE (Line Drive, 89D, EV 106.9 MPH) Mike Holt scores Terry Tuckfard scores Mike Salmon to third
|
|
Batting: SHB Phil Zacharia
|
0-0: Ball 1-0: Called Strike 1-1: Foul Ball, location: 2F 1-2: Ball 2-2: Foul Ball, location: 2F 2-2: Ball 3-2: SINGLE (Groundball, 56D, EV 105.0 MPH) Mike Salmon scores Drtian Thaqi to third Runner from 3rd tries for Home, throw by LF and OUT! 7-2
|
| Bottom of the 2nd over - 3 runs, 3 hits, 0 errors, 1 left on base; Los Angeles 1 - San Diego 3 |
| TOP OF THE 3RD |
|
Los Angeles Dodgers batting - Pitching for San Diego Padres : RHP Adam Thompson
|
|
Batting: RHB Leonardo Nava
|
0-0: Foul Ball, location: 2F 0-1: Ball 1-1: Ground out 5-3 (Groundball, 56S, EV 80.6 MPH)
|
|
Batting: RHB Tim Nettles
|
0-0: Foul Ball, location: 2F 0-1: Swinging Strike 0-2: Ball 1-2: Ball 2-2: Ball 3-2: Foul Ball, location: 2F 3-2: Strikes out swinging
|
|
Batting: SHB Shane Marcum
|
0-0: Ball 1-0: Ball 2-0: Ball 3-0: Base on Balls
|
|
Batting: RHB Clay Buchanan
|
0-0: Called Strike 0-1: Ball 1-1: Fly out, F8 (Flyball, 8LXD, EV 105.0 MPH)
|
| Top of the 3rd over - 0 runs, 0 hits, 0 errors, 1 left on base; Los Angeles 1 - San Diego 3 |
| BOTTOM OF THE 3RD |
|
San Diego Padres batting - Pitching for Los Angeles Dodgers : RHP Jon Harris
|
|
Batting: LHB Kevin Bellman
|
0-0: Ground out 3-1 (Groundball, 34S, EV 88.1 MPH)
|
|
Batting: RHB Hugo Bautista
|
0-0: Ball 1-0: Ground out 6-3 (Groundball, 6, EV 85.6 MPH)
|
|
Batting: LHB James McCauley
|
0-0: Ball 1-0: Foul Ball, location: 2F 1-1: Ball 2-1: Swinging Strike 2-2: Foul Ball, location: 2F 2-2: Foul Ball, location: 2F 2-2: Ground out 4-3 (Groundball, 4, EV 86.2 MPH)
|
| Bottom of the 3rd over - 0 runs, 0 hits, 0 errors, 0 left on base; Los Angeles 1 - San Diego 3 |
| TOP OF THE 4TH |
|
Los Angeles Dodgers batting - Pitching for San Diego Padres : RHP Adam Thompson
|
|
Batting: LHB Chris Buchan
|
0-0: Ground out U3 (Groundball, 34S, EV 84.4 MPH)
|
|
Batting: RHB John Piccolo
|
0-0: Called Strike 0-1: Fly out, F9 (Flyball, 9, EV 86.9 MPH)
|
|
Batting: SHB Joel Baker
|
0-0: Ball 1-0: Called Strike 1-1: Ball 2-1: Foul Ball, location: 2F 2-2: Strikes out looking
|
| Top of the 4th over - 0 runs, 0 hits, 0 errors, 0 left on base; Los Angeles 1 - San Diego 3 |
| BOTTOM OF THE 4TH |
|
San Diego Padres batting - Pitching for Los Angeles Dodgers : RHP Jon Harris
|
|
Batting: LHB Mike Holt
|
0-0: Ball 1-0: Swinging Strike 1-1: Ball 2-1: SINGLE (Groundball, 56, EV 95.6 MPH)
|
|
Batting: SHB Terry Tuckfard
|
0-0: Foul Ball, location: 2F 0-1: Called Strike 0-2: SINGLE (Groundball, 34, EV 97.5 MPH) Mike Holt to second Runner from 2nd tries for 3rd, SAFE, throw by RF made to third
|
|
Batting: RHB Mike Salmon
|
0-0: Ball 1-0: SINGLE (Line Drive, 9LS, EV 90.0 MPH) Mike Holt scores Terry Tuckfard to second Runner from 2nd tries for 3rd, SAFE, throw by RF made to third
|
|
Batting: RHB C.J. Beavers
|
0-0: Called Strike 0-1: Called Strike 0-2: Fly out, F9 (Flyball, 9LSF, EV 85.6 MPH)
|
|
Batting: RHB Drtian Thaqi
|
0-0: Called Strike 0-1: Foul Ball, location: 2F 0-2: Ball 1-2: Foul Ball, location: 2F 1-2: Grounds into double play, 5-4-3 (Groundball, 5L, EV 106.9 MPH)
|
| Bottom of the 4th over - 1 run, 3 hits, 0 errors, 1 left on base; Los Angeles 1 - San Diego 4 |
| TOP OF THE 5TH |
|
Los Angeles Dodgers batting - Pitching for San Diego Padres : RHP Adam Thompson
|
|
Batting: RHB Danny Dyer
|
0-0: Ball 1-0: Foul Ball, location: 2F 1-1: Ball 2-1: Swinging Strike 2-2: Foul Ball, location: 2F 2-2: Strikes out swinging
|
|
Batting: RHB Wing-kit Bu
|
0-0: Ground out 5-3 (Groundball, 56S, EV 61.9 MPH)
|
|
Batting: RHB Leonardo Nava
|
0-0: Swinging Strike 0-1: Ball 1-1: Ball 2-1: Hit by Pitch
|
|
Batting: RHB Tim Nettles
|
0-0: Ball 1-0: Ball 2-0: Ground out 4-3 (Groundball, 4, EV 93.8 MPH)
|
| Top of the 5th over - 0 runs, 0 hits, 0 errors, 1 left on base; Los Angeles 1 - San Diego 4 |
| BOTTOM OF THE 5TH |
|
San Diego Padres batting - Pitching for Los Angeles Dodgers : RHP Jon Harris
|
|
Batting: SHB Phil Zacharia
|
0-0: Fly out, F8 (Flyball, 8LD, EV 102.5 MPH)
|
|
Batting: LHB Kevin Bellman
|
0-0: Swinging Strike 0-1: Ball 1-1: Foul Ball, location: 2F 1-2: Foul Ball, location: 2F 1-2: Foul Ball, location: 2F 1-2: Ball 2-2: Foul Ball, location: 2F 2-2: Ground out 4-3 (Groundball, 4, EV 85.6 MPH)
|
|
Pitching: LHP J.P. Blair
|
|
|
Batting: RHB Hugo Bautista
|
0-0: Ball 1-0: Fly out, F9 (Line Drive, 9S, EV 106.2 MPH)
|
| Bottom of the 5th over - 0 runs, 0 hits, 0 errors, 0 left on base; Los Angeles 1 - San Diego 4 |
| TOP OF THE 6TH |
|
Los Angeles Dodgers batting - Pitching for San Diego Padres : RHP Adam Thompson
|
|
Batting: SHB Shane Marcum
|
0-0: Ball 1-0: Foul Ball, location: 2F 1-1: Hit by Pitch
|
|
Pinch Runner at 1st Tsutomu Irie:
|
|
|
Batting: RHB Clay Buchanan
|
0-0: Called Strike 0-1: SINGLE (Line Drive, 9S, EV 93.8 MPH) Tsutomu Irie to second Runner from 2nd tries for 3rd, SAFE, throw by RF made to third
|
|
Batting: LHB Chris Buchan
|
0-0: Called Strike 0-1: Ball 1-1: Foul Ball, location: 2F 1-2: Strikes out looking Clay Buchanan steals 2nd base (no throw) Batter strikes out.
|
|
Batting: RHB John Piccolo
|
0-0: Called Strike 0-1: Ball 1-1: Ground out 4-3 (Groundball, 4S, EV 76.2 MPH) Tsutomu Irie scores Clay Buchanan to third
|
|
Batting: SHB Joel Baker
|
0-0: Foul Ball, location: 2F 0-1: Ball 1-1: Foul Ball, location: 2F 1-2: Strikes out looking
|
| Top of the 6th over - 1 run, 1 hit, 0 errors, 1 left on base; Los Angeles 2 - San Diego 4 |
| BOTTOM OF THE 6TH |
|
San Diego Padres batting - Pitching for Los Angeles Dodgers : LHP J.P. Blair
|
|
Now at C: Benjamin Brown
|
|
|
Batting: LHB James McCauley
|
0-0: Called Strike 0-1: Ball 1-1: Called Strike 1-2: Strikes out swinging
|
|
Batting: LHB Mike Holt
|
0-0: Ball 1-0: Foul Ball, location: 2F 1-1: Ball 2-1: Swinging Strike 2-2: Strikes out looking
|
|
Batting: SHB Terry Tuckfard
|
0-0: Ball 1-0: Called Strike 1-1: Ball 2-1: Called Strike 2-2: Ball 3-2: Base on Balls
|
|
Batting: RHB Mike Salmon
|
0-0: Ball 1-0: Ball 2-0: Called Strike 2-1: Fly out, F9 (Flyball, 9, EV 88.8 MPH)
|
| Bottom of the 6th over - 0 runs, 0 hits, 0 errors, 1 left on base; Los Angeles 2 - San Diego 4 |
| TOP OF THE 7TH |
|
Los Angeles Dodgers batting - Pitching for San Diego Padres : RHP Adam Thompson
|
|
Batting: RHB Danny Dyer
|
0-0: Foul Ball, location: 2F 0-1: Ground out 6-3 (Groundball, 6, EV 88.8 MPH)
|
|
Batting: RHB Wing-kit Bu
|
0-0: Swinging Strike 0-1: Swinging Strike 0-2: Ball 1-2: Strikes out swinging
|
|
Batting: RHB Leonardo Nava
|
0-0: Called Strike 0-1: Swinging Strike 0-2: Strikes out swinging
|
| Top of the 7th over - 0 runs, 0 hits, 0 errors, 0 left on base; Los Angeles 2 - San Diego 4 |
| BOTTOM OF THE 7TH |
|
San Diego Padres batting - Pitching for Los Angeles Dodgers : LHP J.P. Blair
|
|
Pitching: RHP Nate Allen
|
|
|
Batting: RHB C.J. Beavers
|
0-0: Called Strike 0-1: Fly out, F7 (Flyball, 78S, EV 96.9 MPH)
|
|
Batting: RHB Drtian Thaqi
|
0-0: Ball 1-0: Ball 2-0: DOUBLE (Line Drive, 78D, EV 109.4 MPH)
|
|
Batting: SHB Phil Zacharia
|
0-0: Intentional Walk
|
|
Batting: LHB Kevin Bellman
|
0-0: Called Strike 0-1: Ball 1-1: Foul Ball, location: 2F 1-2: Strikes out swinging
|
|
Batting: RHB Hugo Bautista
|
0-0: Called Strike 0-1: Ball 1-1: Called Strike 1-2: SINGLE (Groundball, 6M, EV 91.2 MPH) (infield hit) Drtian Thaqi to third Phil Zacharia to second
|
|
Batting: LHB James McCauley
|
0-0: Called Strike 0-1: Ball 1-1: Ground out 4-3 (Groundball, 4, EV 106.9 MPH)
|
| Bottom of the 7th over - 0 runs, 2 hits, 0 errors, 3 left on base; Los Angeles 2 - San Diego 4 |
| TOP OF THE 8TH |
|
Los Angeles Dodgers batting - Pitching for San Diego Padres : RHP Adam Thompson
|
|
Batting: RHB Tim Nettles
|
0-0: Ball 1-0: Ball 2-0: Called Strike 2-1: Foul Ball, location: 2F 2-2: Ball 3-2: SINGLE (Groundball, 56D, EV 105.0 MPH)
|
|
Pitching: RHP Bas Kooy
|
|
|
Batting: SHB Benjamin Brown
|
0-0: Ball 1-0: Called Strike 1-1: Ball 2-1: Foul Ball, location: 2F 2-2: Strikes out swinging
|
|
Batting: RHB Clay Buchanan
|
0-0: Called Strike 0-1: Ball 1-1: Called Strike 1-2: Ball 2-2: Strikes out swinging
|
|
Batting: LHB Chris Buchan
|
0-0: Ground out 1-3 (Groundball, 15S, EV 69.4 MPH)
|
| Top of the 8th over - 0 runs, 1 hit, 0 errors, 1 left on base; Los Angeles 2 - San Diego 4 |
| BOTTOM OF THE 8TH |
|
San Diego Padres batting - Pitching for Los Angeles Dodgers : RHP Nate Allen
|
|
Batting: LHB Mike Holt
|
0-0: Ball 1-0: Called Strike 1-1: Ground out 4-3 (Groundball, 4, EV 107.5 MPH)
|
|
Batting: SHB Terry Tuckfard
|
0-0: SOLO HOME RUN (Flyball, 9LD, EV 113.8 MPH), Distance : 433 ft
|
|
Batting: RHB Mike Salmon
|
0-0: Called Strike 0-1: Ground out 3-1 (Groundball, 34S, EV 87.5 MPH)
|
|
Batting: RHB C.J. Beavers
|
0-0: Ball 1-0: Called Strike 1-1: Called Strike 1-2: Ground out 4-3 (Groundball, 4S, EV 81.9 MPH)
|
| Bottom of the 8th over - 1 run, 1 hit, 0 errors, 0 left on base; Los Angeles 2 - San Diego 5 |
| TOP OF THE 9TH |
|
Los Angeles Dodgers batting - Pitching for San Diego Padres : RHP Bas Kooy
|
|
Batting: RHB John Piccolo
|
0-0: Ball 1-0: Ball 2-0: Ball 3-0: Called Strike 3-1: Foul Ball, location: 2F 3-2: Strikes out swinging
|
|
Batting: SHB Joel Baker
|
0-0: Ball 1-0: Ball 2-0: Ball 3-0: Called Strike 3-1: Fly out, F5 (Popup, 5F, EV 65.6 MPH)
|
|
Batting: RHB Danny Dyer
|
0-0: Called Strike 0-1: Ball 1-1: Fly out, F9 (Flyball, 89M, EV 90.6 MPH)
|
| Top of the 9th over - 0 runs, 0 hits, 0 errors, 0 left on base; Los Angeles 2 - San Diego 5 |
|